 Dungeon Crawl Stone Soup version 0.26-a0-667-g92642533e4 (webtiles) character file.

Game seed: 5073703115256778367

20596 thergud the Basher (level 12, -9/199 HPs)
             Began as an Ogre Berserker on Oct 17, 2020.
             Was a High Priest of Trog.
             Mangled by a fire elemental (14 damage)
             ... led by Azrael
             ... on level 12 of the Dungeon on Oct 18, 2020.
             The game lasted 00:45:42 (18030 turns).

thergud the Basher (Ogre Berserker)                Turns: 18030, Time: 00:45:44

Health: -9/199     AC: 13    Str: 24    XL:     12   Next: 81%
Magic:  12/12      EV: 13    Int:  8    God:    Trog [*****.]
Gold:   767        SH:  0    Dex: 12    Spells: 11/11 levels left

rFire    . . .     SeeInvis .   z - +10 dark maul {vorpal}
rCold    . . .     Faith    .   (shield currently unavailable)
rNeg     . . .     Spirit   .   o - +1 swamp dragon scales
rPois    +         Reflect  .   (helmet restricted)
rElec    .         Harm     .   x - +1 cloak
rCorr    .         Rampage  .   (gloves unavailable)
MR       +++..                  (boots unavailable)
Stlth    ..........             (no amulet)
HPRegen  1.43/turn              (no ring)
MPRegen  0.13/turn              (no ring)

@: berserking (expiring), liquid flames, regenerating, glowing, very quick
A: large, unfitting armour, tough skin 1
a: Berserk, Trog's Hand, Brothers in Arms, Renounce Religion


You were on level 12 of the Dungeon.
You worshipped Trog.
Trog was extremely pleased with you.
You visited 1 branch of the dungeon, and saw 12 of its levels.

You collected 767 gold pieces.

Inventory:

Hand Weapons
 z - the +10 dark maul (weapon) {vorpal}
   (You found it on level 11 of the Dungeon)

   It inflicts extra damage upon your enemies.
Missiles
 i - 5 silver boomerangs (quivered)
Armour
 m - a +2 robe of positive energy
 o - +1 swamp dragon scales (worn)
 v - +0 steam dragon scales
 x - a +1 cloak (worn)
Jewellery
 p - an uncursed ring of fire
Wands
 a - a wand of random effects (22)
 b - a wand of acid (20)
 l - a wand of disintegration (16)
Scrolls
 c - 3 scrolls of teleportation
 f - 5 scrolls of remove curse
 h - a scroll of identify
 s - 3 scrolls of magic mapping
 t - 2 scrolls of fog
Potions
 d - 3 potions of curing
 g - 3 potions of might
 j - 2 potions of magic
 k - a potion of stabbing
 n - 3 potions of brilliance
 w - 2 potions of resistance


   Skills:
 + Level 12.6 Fighting
 + Level 13.1 Maces & Flails
 + Level 5.7 Armour
 + Level 8.4 Dodging
 + Level 3.7 Stealth


You had 11 spell levels left.
You didn't know any spells.
Your spell library was empty.

Dungeon Overview and Level Annotations

Branches:
Dungeon (12/15)            Temple (0/1) D:7            Lair (0/6) D:11
    Orc (0/2) D:10

Altars:
Elyvilon
Gozag
Kikubaaqudgha
Makhleb
Okawaru
Qazlal
Sif Muna
Xom


Innate Abilities, Weirdness & Mutations

You are too large for most types of armour.
You have tough skin. (AC +1)


Message History

The hell hound breathes flames at you.
The blast of flame hits the fire elemental.
The fire elemental completely resists.
The blast of flame hits Azrael.
Azrael completely resists.
The blast of flame hits you!
* * * LOW HITPOINT WARNING * * *
Azrael gestures at you. The bolt of fire hits you!!
* * * LOW HITPOINT WARNING * * *
Azrael gestures at you. The sticky flame hits you.
You are covered in liquid flames!
* * * LOW HITPOINT WARNING * * *
You are too berserk!
You crush Azrael like a grape!!!
You kill Azrael!
Trog accepts your kill.
You are covered in liquid flames!
* * * LOW HITPOINT WARNING * * *
The fire elemental hits you. The fire elemental burns you!
You die...

.... ## ...○.R #. ...°h° #.
...°##.###############
..○○...oh.hE@.........
#####.###.#################..#
...................>.†<......#
#####..#............###.#####.#
...<...'....................#
#....$##...........#####.##.#
#.... #............'..#...#.#
#... #............##.#...#.#
#.. #...†##########.#.....#


You could see a fire elemental, 2 hell hounds and an orc.

Vanquished Creatures
  Azrael (D:12)
  An ettin (D:11)
  A boulder beetle (D:11)
  Erolcha (D:12)
  A hydra (D:12)
  A centaur warrior (D:11)
  A two-headed ogre (D:11)
  The ghost of garrulousMonolith the Cleaver, a novice HOFi of Beogh (D:9)
  3 unseen horrors (D:11)
  A manticore (D:11)
  An ugly thing (D:12)
  3 cyclopes
  A spectral centaur (D:9)
  A gargoyle (D:11)
  2 centaur skeletons
  Maggie (D:6)
  A troll (D:9)
  A hornet (D:9)
  A dream sheep (shapeshifter) (D:11)
  A centaur simulacrum (D:9)
  A shadow (D:11)
  A redback (D:11)
  8 yaks
  3 wraiths
  2 wyverns
  Sigmund (D:2)
  2 steam dragons
  A warg (D:10)
  A soldier ant (D:11)
  Duvessa (D:7)
  2 water moccasins
  3 sky beasts
  3 ice beasts
  A phantom (D:6)
  2 ogres
  6 orc warriors
  2 centaurs
  11 bullfrogs
  Dowan (D:7)
  6 scorpions
  21 killer bees
  10 wights
  2 howler monkeys (D:8)
  4 bullfrog zombies
  11 hounds
  4 orc priests
  Crazy Yiuf (D:6)
  A gnoll shaman (D:8)
  5 jellies
  3 bullfrog skeletons
  3 iguanas
  11 orc wizards
  Natasha (thrice) (D:3)
  9 worker ants
  A hound zombie (D:7)
  2 hound skeletons
  Robin (D:2)
  A howler monkey skeleton (D:9)
  14 adders
  11 gnolls
  2 shadow imps
  4 white imps
  4 ufetubi
  An adder zombie (D:9)
  2 oozes
  3 adder skeletons
  3 dart slugs (D:1)
  7 leopard geckos
  33 orcs
  7 bats
  6 giant cockroaches
  7 hobgoblins
  9 jackals
  11 quokkas
  3 ball pythons
  6 frilled lizards
  24 goblins
  A jackal zombie (D:5)
  4 kobolds
  A leopard gecko skeleton (D:4)
  3 rats
342 creatures vanquished.

Vanquished Creatures (collateral kills)
  A wight (D:6)
1 creature vanquished.

Vanquished Creatures (others)
  A hell hound (D:12)
  2 withered plants (D:7)
3 creatures vanquished.

Grand Total: 346 creatures vanquished

Notes
Turn   | Place    | Note
-------+----------+-------------------------------------------
     0 | D:1      | thergud the Ogre Berserker began the quest for the Orb.
     0 | D:1      | Reached XP level 1. HP: 24/24 MP: 1/1
   213 | D:1      | Reached XP level 2. HP: 32/32 MP: 2/2
   346 | D:1      | Reached skill level 3 in Maces & Flails
   694 | D:1      | Reached XP level 3. HP: 40/40 MP: 3/3
   961 | D:2      | Reached ** piety under Trog
  1645 | D:2      | Reached XP level 4. HP: 49/49 MP: 4/4
  1645 | D:2      | Noticed Robin
  1659 | D:2      | Killed Robin
  1951 | D:2      | Noticed Sigmund
  1968 | D:2      | Killed Sigmund
  1968 | D:2      | Reached skill level 5 in Fighting
  1968 | D:2      | Reached skill level 4 in Maces & Flails
  1968 | D:2      | Reached XP level 5. HP: 27/57 MP: 5/5
  2092 | D:2      | Found a stormy altar of Qazlal.
  2097 | D:2      | Reached XP level 6. HP: 66/66 MP: 6/6
  2242 | D:3      | Reached skill level 1 in Stealth
  2286 | D:3      | Found an iron altar of Okawaru.
  2287 | D:3      | Found a white marble altar of Elyvilon.
  2353 | D:3      | Reached *** piety under Trog
  2831 | D:3      | Noticed Natasha
  2841 | D:3      | Killed Natasha
  2971 | D:3      | Noticed Natasha
  2981 | D:3      | Killed Natasha
  2981 | D:3      | Reached skill level 5 in Maces & Flails
  3162 | D:3      | Noticed Natasha
  3169 | D:3      | Killed Natasha
  3169 | D:3      | Reached XP level 7. HP: 70/74 MP: 7/7
  3659 | D:3      | Found a burning altar of Makhleb.
  4537 | D:5      | Entered Level 5 of the Dungeon
  5843 | D:5      | Reached skill level 6 in Maces & Flails
  6578 | D:6      | Reached XP level 8. HP: 61/84 MP: 8/8
  6736 | D:6      | Reached **** piety under Trog
  7039 | D:6      | Reached skill level 5 in Dodging
  7191 | D:6      | Found a shimmering blue altar of Sif Muna.
  7261 | D:6      | Reached skill level 7 in Maces & Flails
  7429 | D:6      | HP: 4/87 [wight/+4 great sword of freezing (6)]
  8034 | D:6      | Noticed Maggie
  8059 | D:6      | Killed Maggie
  8059 | D:6      | Reached XP level 9. HP: 70/96 MP: 9/9
  8563 | D:6      | Found a runed translucent door.
  8564 | D:6      | Noticed Crazy Yiuf
  8574 | D:6      | Killed Crazy Yiuf
  9029 | D:6      | Noticed a cyclops
  9046 | D:6      | Killed a cyclops
  9046 | D:6      | Reached skill level 8 in Maces & Flails
  9272 | D:7      | Found a staircase to the Ecumenical Temple.
  9477 | D:7      | Found a shimmering altar of Xom.
  9605 | D:7      | Found an ancient bone altar of Kikubaaqudgha.
  9742 | D:7      | Noticed Duvessa
  9745 | D:7      | Noticed Dowan
  9757 | D:7      | Killed Dowan
  9757 | D:7      | Reached skill level 9 in Maces & Flails
  9771 | D:7      | Killed Duvessa
 10470 | D:7      | Reached XP level 10. HP: 107/107 MP: 10/10
 13107 | D:9      | Found a runed translucent gate.
 13107 | D:9      | Found a runed translucent gate.
 13129 | D:9      | Reached skill level 10 in Maces & Flails
 13141 | D:9      | Got an iridescent war axe
 13142 | D:9      | Identified the +8 war axe of Wrongful Imprisonment {vorpal,
                  | Str+4} (You found it on level 9 of the Dungeon)
 13154 | D:9      | Found a runed translucent gate.
 13240 | D:9      | Reached skill level 10 in Fighting
 13326 | D:9      | Reached skill level 1 in Armour
 13942 | D:9      | Reached ***** piety under Trog
 14021 | D:9      | Noticed a spectral centaur warrior
 14057 | D:9      | Noticed garrulousMonolith's ghost (novice HOFi)
 14068 | D:9      | Killed a spectral centaur warrior
 14074 | D:9      | Killed garrulousMonolith's ghost
 14074 | D:9      | Reached XP level 11. HP: 119/119 MP: 11/11
 14152 | D:9      | Reached skill level 11 in Maces & Flails
 14223 | D:10     | Entered Level 10 of the Dungeon
 14809 | D:10     | Found a staircase to the Orcish Mines.
 15216 | D:10     | Found an opulent altar of Gozag.
 15652 | D:11     | Found a staircase to the Lair.
 16030 | D:11     | Noticed a cyclops
 16030 | D:11     | Noticed a centaur warrior
 16030 | D:11     | Noticed a manticore
 16038 | D:11     | Killed an unseen horror
 16038 | D:11     | Received a gift from Trog
 16041 | D:11     | Got a glimmering giant club {god gift}
 16052 | D:11     | Killed a manticore
 16060 | D:11     | Killed a centaur warrior
 16062 | D:11     | Identified the +4 giant club "Qideisimof" {vorpal, rC+
                  | Int-5 Dex+2 SInv} (Trog gifted it to you on level 11 of the
                  | Dungeon)
 16083 | D:11     | Noticed a two-headed ogre
 16090 | D:11     | Killed a two-headed ogre
 16090 | D:11     | Noticed a cyclops
 16104 | D:11     | Killed a cyclops
 16155 | D:11     | Killed a cyclops
 16155 | D:11     | Reached skill level 12 in Maces & Flails
 16155 | D:11     | Reached XP level 12. HP: 74/132 MP: 12/12
 16408 | D:11     | Noticed an ettin
 16409 | D:11     | Found the +10 dark maul {vorpal}
 16420 | D:11     | Killed an ettin
 16650 | D:11     | Reached skill level 5 in Armour
 16654 | D:11     | Noticed a boulder beetle
 16789 | D:12     | Noticed Erolcha
 16851 | D:12     | Killed Erolcha
 17184 | D:11     | Killed a boulder beetle
 17913 | D:12     | Noticed a five-headed hydra
 17917 | D:12     | Killed a five-headed hydra
 17917 | D:12     | Reached skill level 13 in Maces & Flails
 18012 | D:12     | Noticed Azrael
 18030 | D:12     | Killed Azrael
 18030 | D:12     | HP: 2/199 [burnt (13)]
 18030 | D:12     | Mangled by a fire elemental

Illustrated notes

Levels and vault maps discovered:
D:1:      minmay_arrival_arboretum_small, layout_rooms
D:2:      wander_river, layout_loops_ring, lemuel_round_altar, uniq_sigmund,
          uniq_robin
D:3:      layout_basic, lemuel_coloured_pillars_altar,
          grunt_temple_overflow_open, minmay_goblin_outpost, uniq_natasha
D:4:      layout_rooms
D:5:      layout_basic
D:6:      wad_guarded_room, layout_loops_ring, old_standard_altar,
          uniq_crazy_yiuf_cottage, uniq_maggie
D:7:      kennysheep_six_static_rooms, layout_cave_pools,
          kiku_gazebo_garden_becter, minmay_temple_entry_mist, basic_altar,
          uniq_duvessa
D:8:      layout_basic
D:9:      layout_loops_ring, gammafunk_ghost_necromancy
D:10:     layout_loops_ring, david_orc_3,
          nicolae_gozag_cash_rules_everything_around_me
D:11:     minmay_shrinking_squares, layout_cave_pools, lair_entry_dummy
D:12:     layout_basic, uniq_azrael, uniq_erolcha

Skill      XL: |  1  2  3  4  5  6  7  8  9 10 11 12 |
---------------+-------------------------------------+-----
Maces & Flails | 3 4 5 6 7 9 10 12 13 | 13.1
Dodging        | 3 4 5 6 7 8 |  8.4
Fighting       | 5 6 8 9 10 11 12 | 12.6
Stealth        | 1 2 3 |  3.7
Armour         | 1 4 5 |  5.7

Action                   |  1- 3 |  4- 6 |  7- 9 | 10-12 || total
-------------------------+-------+-------+-------+-------++-------
Melee: Mace              |   110 |   155 |   454 |    42 ||   761
       Morningstar       |       |       |       |   213 ||   213
       Giant spiked club |       |       |       |   163 ||   163
       Dire flail        |       |       |       |    61 ||    61
       Giant club        |       |       |       |    21 ||    21
       Maul              |       |       |       |    66 ||    66
Invok: Berserk           |     2 |     6 |    16 |    32 ||    56
       Trog's Hand       |       |     2 |     2 |     2 ||     6
       Brothers in Arms  |       |       |     1 |       ||     1
  Use: Scroll            |       |     5 |     5 |    14 ||    24
       Potion            |       |     2 |     9 |    10 ||    21
 Stab: Sleeping          |     1 |       |     3 |     5 ||     9
Armor: Animal skin       |    30 |    44 |    50 |       ||   124
       Robe              |       |       |    33 |    28 ||    61
       Swamp dragon scal |       |       |       |   311 ||   311
Dodge: Dodged            |    70 |   121 |   289 |   559 ||  1039

Table legend: (Time is in decaauts)
 A = Elapsed time spent in this place.
 B = Non-inter-level travel time spent in this place.
 C = Inter-level travel time spent in this place.
 D = Time resting spent in this place.
 E = Time spent auto-exploring this place.
 F = Levels seen in this place.
 G = Mean time per level.
                   A        B        C        D        E       F      G
               +--------+--------+--------+--------+--------+-----+--------+
         Total |  18686 |  18308 |    378 |   7704 |   7952 |  12 | 1557.2 |
       Dungeon |  18686 |  18308 |    378 |   7704 |   7952 |  12 | 1557.2 |
               +--------+--------+--------+--------+--------+-----+--------+

Top non-repeatable levels by time:
     D:6: 3017 daAuts
    D:11: 2404 daAuts
     D:7: 2122 daAuts
     D:5: 1823 daAuts
     D:8: 1773 daAuts
     D:3: 1529 daAuts
     D:2: 1469 daAuts
     D:9: 1235 daAuts
    D:10: 1145 daAuts
     D:4: 841 daAuts
     D:1: 835 daAuts
    D:12: 489 daAuts
